[ AOE2 MATCH · #482168656 ]
1v1 RMMuisca vs Bulgarians
Player's team · LOSS
[ REPLAY ANALYSIS · EXTRACTED FROM THE RECORDED GAME ]
Feudal
9:17
Castle
24:05
Imperial
39:17
| APM avg | 48.2 |
| APM peak | 94 |
| eAPM avg | 20.9 |
| Villagers / military | 74 / 62 |
Focus
⚔️ 34.0% · 🌾 66.0%
Skirmisher ×44 · Unknown (2550) ×25 · Archer ×7 · Unknown (2586) ×6 · Spearman ×4 · Trebuchet (Packed) ×3
Feudal
9:34
Castle
22:47
Imperial
40:46
| APM avg | 32.0 |
| APM peak | 60 |
| eAPM avg | 14.9 |
| Villagers / military | 137 / 101 |
Focus
⚔️ 26.1% · 🌾 73.9%
Scout Cavalry ×59 · Cavalry Archer ×28 · Militia ×5 · Trebuchet (Packed) ×4 · Mangonel ×3 · Knight ×1
Match map
Initial resources + every placement click. Lines = walls · curves = elevation contours. ◆ gold · ⬟ stone · ● berries · ✦ relic · ◌ wall gap
Your base· ✓ Closed at 24:05 · 69t walls · no gate
Atilichi8821's base· ✓ Closed at 22:47 · 38t walls · no gate
Smoothed initial terrain · ◌ = detected wall gap · hover for details
Inputs per minute
— Dwimmerlaik - - Atilichi8821
Build order — Dwimmerlaik
First 150 of 227 actions detected
| 0:00 | Create | Villager (Male) ×4 |
| 0:02 | Build | House |
| 0:03 | Build | House |
| 1:26 | Create | Villager (Male) |
| 1:48 | Build | Settlement |
| 2:05 | Create | Villager (Male) |
| 2:19 | Create | Villager (Male) |
| 2:41 | Create | Villager (Male) |
| 3:09 | Create | Villager (Male) |
| 3:39 | Create | Villager (Male) |
| 3:53 | Build | House |
| 3:54 | Build | House |
| 4:00 | Create | Villager (Male) |
| 4:21 | Build | Settlement |
| 4:29 | Create | Villager (Male) |
| 4:59 | Create | Villager (Male) |
| 4:59 | Create | Villager (Male) |
| 5:27 | Create | Villager (Male) |
| 6:01 | Create | Villager (Male) |
| 6:01 | Research | Loom |
| 7:07 | Research | Feudal Age |
| 7:13 | Build | Settlement |
| 7:43 | Create | Villager (Male) |
| 8:03 | Create | Villager (Male) |
| 8:13 | Build | Barracks |
| 9:17 | Age | Feudal Age |
| 9:21 | Build | Archery Range |
| 9:33 | Build | House |
| 9:37 | Create | Villager (Male) |
| 9:42 | Build | Palisade Wall |
| 10:13 | Create | Villager (Male) |
| 10:35 | Build | Archery Range |
| 10:53 | Create | Villager (Male) |
| 10:55 | Research | Tech 1402 |
| 10:58 | Build | Blacksmith |
| 11:07 | Build | House |
| 11:22 | Create | Archer |
| 11:37 | Create | Villager (Male) |
| 11:45 | Create | Villager (Male) |
| 12:16 | Create | Unit 2550 |
| 12:32 | Create | Villager (Male) |
| 12:45 | Create | Villager (Male) |
| 12:51 | Create | Unit 2550 |
| 12:52 | Create | Villager (Male) |
| 12:58 | Build | Farm |
| 13:00 | Build | Farm |
| 13:02 | Build | Farm |
| 13:11 | Create | Archer |
| 13:18 | Build | Farm |
| 13:20 | Build | Farm |
| 13:36 | Research | Scale Mail Armor |
| 13:43 | Create | Archer |
| 13:52 | Build | Farm |
| 13:53 | Build | Farm |
| 13:54 | Build | Farm |
| 13:58 | Create | Unit 2550 |
| 14:09 | Create | Unit 2550 |
| 14:09 | Create | Unit 2550 |
| 14:20 | Create | Villager (Male) |
| 14:43 | Create | Villager (Male) |
| 14:53 | Create | Villager (Male) |
| 15:08 | Research | Fletching |
| 15:09 | Create | Archer |
| 15:19 | Create | Villager (Male) |
| 15:29 | Build | Palisade Wall |
| 15:32 | Build | Palisade Wall |
| 15:41 | Create | Unit 2550 |
| 15:42 | Create | Villager (Male) |
| 15:47 | Build | Farm |
| 15:48 | Build | Farm |
| 15:50 | Build | Farm |
| 16:03 | Create | Villager (Male) |
| 16:28 | Create | Villager (Male) |
| 16:49 | Create | Villager (Male) |
| 16:53 | Create | Spearman |
| 16:53 | Create | Spearman |
| 17:07 | Create | Villager (Male) |
| 17:09 | Build | Barracks |
| 17:11 | Build | Farm |
| 17:12 | Build | Farm |
| 17:28 | Create | Villager (Male) |
| 17:47 | Create | Villager (Male) |
| 17:55 | Build | Palisade Wall |
| 17:59 | Build | Palisade Wall |
| 18:02 | Research | Wheelbarrow |
| 18:04 | Build | Farm |
| 18:14 | Build | Farm |
| 18:17 | Create | Villager (Male) |
| 18:28 | Create | Archer |
| 18:28 | Create | Archer |
| 18:48 | Build | Palisade Wall |
| 18:57 | Create | Spearman |
| 18:58 | Create | Spearman |
| 18:58 | Create | Villager (Male) |
| 19:19 | Build | House |
| 19:25 | Build | House |
| 19:28 | Build | Palisade Wall |
| 19:35 | Build | House |
| 19:37 | Build | House |
| 19:39 | Create | Villager (Male) |
| 19:43 | Create | Villager (Male) |
| 20:06 | Build | Farm |
| 20:22 | Build | House |
| 20:23 | Build | House |
| 20:28 | Build | Palisade Wall |
| 20:53 | Create | Villager (Male) |
| 20:59 | Build | House |
| 21:10 | Build | Barracks |
| 21:20 | Research | Castle Age |
| 21:37 | Build | House |
| 21:42 | Create | Unit 2550 |
| 21:42 | Create | Unit 2550 |
| 21:48 | Create | Villager (Male) |
| 21:54 | Build | House |
| 21:54 | Build | House |
| 22:00 | Create | Unit 2550 ×2 |
| 22:14 | Build | Farm |
| 22:27 | Research | Forging |
| 22:44 | Build | Farm |
| 22:57 | Create | Unit 2550 ×2 |
| 22:57 | Create | Unit 2550 ×2 |
| 23:14 | Research | Double-Bit Axe |
| 23:19 | Build | House |
| 23:20 | Build | Farm |
| 23:23 | Build | House |
| 23:33 | Build | Farm |
| 23:40 | Create | Unit 2550 ×3 |
| 24:05 | Age | Castle Age |
| 24:09 | Research | Tech 1351 |
| 24:10 | Research | Tech 1351 |
| 24:21 | Build | Siege Workshop |
| 24:25 | Create | Villager (Male) |
| 24:36 | Build | House |
| 24:51 | Create | Unit 2550 ×3 |
| 24:56 | Build | Monastery |
| 25:02 | Build | Farm |
| 25:11 | Build | Farm |
| 25:20 | Create | Villager (Male) |
| 25:21 | Create | Villager (Male) |
| 25:27 | Create | Unit 2550 ×2 |
| 25:38 | Build | House |
| 25:41 | Create | Monk |
| 25:41 | Create | Monk |
| 25:52 | Create | Villager (Male) |
| 25:59 | Build | House |
| 26:08 | Create | Unit 2550 ×3 |
| 26:23 | Research | Chain Mail Armor |
| 27:24 | Build | Archery Range |
| 27:29 | Build | University |
| 27:31 | Build | Farm |
Build order — Atilichi8821
First 150 of 365 actions detected
| 0:00 | Create | Villager (Male) |
| 0:00 | Create | Villager (Male) |
| 0:01 | Create | Villager (Male) |
| 0:02 | Build | House |
| 0:03 | Build | House |
| 0:27 | Create | Villager (Male) |
| 1:24 | Create | Villager (Male) |
| 1:43 | Create | Villager (Male) |
| 2:01 | Build | Lumber Camp |
| 2:25 | Create | Villager (Male) |
| 2:46 | Create | Villager (Male) |
| 3:08 | Create | Villager (Male) |
| 3:41 | Create | Villager (Male) |
| 3:58 | Create | Villager (Male) |
| 4:10 | Build | House |
| 4:25 | Create | Villager (Male) |
| 4:28 | Create | Villager (Male) |
| 5:14 | Build | Mill |
| 5:37 | Create | Villager (Male) |
| 5:44 | Build | Barracks |
| 5:51 | Create | Villager (Male) |
| 6:03 | Build | House |
| 6:24 | Create | Villager (Male) |
| 6:47 | Create | Villager (Male) |
| 7:09 | Build | Mill |
| 7:24 | Research | Feudal Age |
| 7:52 | Create | Militia |
| 7:52 | Create | Militia |
| 8:05 | Build | Lumber Camp |
| 8:20 | Create | Militia |
| 8:41 | Build | House |
| 8:43 | Create | Militia |
| 8:58 | Create | Militia |
| 9:26 | Create | Villager (Male) |
| 9:32 | Build | Palisade Wall |
| 9:34 | Age | Feudal Age |
| 9:51 | Create | Villager (Male) |
| 10:02 | Research | Double-Bit Axe |
| 10:05 | Build | Stable |
| 10:14 | Research | Horse Collar |
| 10:32 | Create | Villager (Male) |
| 10:43 | Build | House |
| 11:00 | Create | Villager (Male) |
| 11:05 | Build | House |
| 11:10 | Build | Farm |
| 11:11 | Build | Farm |
| 11:29 | Create | Villager (Male) |
| 11:44 | Build | House |
| 11:46 | Build | Palisade Wall |
| 11:49 | Create | Villager (Male) |
| 11:57 | Build | Farm |
| 12:13 | Create | Villager (Male) |
| 12:30 | Create | Villager (Male) |
| 12:35 | Build | House |
| 12:37 | Build | Palisade Wall |
| 12:44 | Build | Farm |
| 12:46 | Research | Loom |
| 12:49 | Build | House |
| 12:54 | Build | House |
| 12:57 | Create | Scout Cavalry |
| 13:07 | Build | Blacksmith |
| 13:11 | Build | Farm |
| 13:12 | Build | Farm |
| 13:15 | Research | Double-Bit Axe |
| 13:22 | Build | Farm |
| 13:33 | Create | Villager (Male) |
| 13:36 | Build | House |
| 13:47 | Create | Villager (Male) |
| 13:50 | Build | Farm |
| 14:07 | Build | Farm |
| 14:09 | Create | Scout Cavalry |
| 14:12 | Build | House |
| 14:19 | Build | House |
| 14:23 | Build | Palisade Wall |
| 14:25 | Create | Villager (Male) |
| 14:30 | Build | Farm |
| 14:32 | Create | Scout Cavalry |
| 14:44 | Build | Farm |
| 14:51 | Build | Palisade Wall |
| 14:56 | Create | Villager (Male) |
| 14:58 | Create | Scout Cavalry |
| 15:13 | Build | Farm |
| 15:15 | Create | Villager (Male) |
| 15:20 | Build | House |
| 15:26 | Create | Villager (Male) |
| 15:33 | Build | Farm |
| 15:37 | Create | Scout Cavalry |
| 15:43 | Build | Farm |
| 15:53 | Build | House |
| 15:54 | Build | Palisade Wall |
| 16:02 | Create | Villager (Male) |
| 16:07 | Build | Mining Camp |
| 16:11 | Create | Scout Cavalry |
| 16:16 | Research | Scale Barding Armor |
| 16:30 | Create | Villager (Male) |
| 16:38 | Create | Villager (Male) |
| 16:48 | Create | Villager (Male) |
| 16:52 | Create | Scout Cavalry |
| 16:55 | Build | House |
| 16:57 | Build | House |
| 16:58 | Build | Palisade Wall |
| 17:04 | Build | House |
| 17:47 | Create | Villager (Male) |
| 18:04 | Build | Farm |
| 18:04 | Build | Farm |
| 18:05 | Build | Farm |
| 18:07 | Create | Villager (Male) |
| 18:10 | Create | Villager (Male) |
| 18:29 | Build | Palisade Wall |
| 18:32 | Create | Villager (Male) |
| 18:40 | Build | Market |
| 19:23 | Create | Villager (Male) |
| 19:52 | Create | Villager (Male) |
| 20:07 | Research | Castle Age |
| 20:51 | Build | Mining Camp |
| 20:54 | Research | Gold Mining |
| 21:28 | Build | Archery Range |
| 21:41 | Research | Fletching |
| 21:43 | Research | Bloodlines |
| 22:04 | Build | Archery Range |
| 22:37 | Create | Villager (Male) |
| 22:47 | Age | Castle Age |
| 22:50 | Create | Knight |
| 22:52 | Create | Cavalry Archer |
| 22:52 | Create | Cavalry Archer |
| 23:01 | Create | Cavalry Archer |
| 23:01 | Create | Cavalry Archer |
| 23:06 | Create | Cavalry Archer |
| 23:06 | Create | Cavalry Archer |
| 23:09 | Research | Bow Saw |
| 23:12 | Create | Villager (Male) |
| 23:31 | Create | Cavalry Archer |
| 23:31 | Create | Cavalry Archer |
| 23:36 | Create | Villager (Male) |
| 23:47 | Research | Bodkin Arrow |
| 23:54 | Build | Town Center |
| 23:55 | Create | Villager (Male) |
| 24:15 | Build | Lumber Camp |
| 24:20 | Build | Lumber Camp |
| 24:22 | Create | Villager (Male) |
| 24:30 | Create | Cavalry Archer |
| 24:49 | Create | Cavalry Archer |
| 24:49 | Create | Cavalry Archer |
| 24:51 | Create | Villager (Male) |
| 25:06 | Create | Villager (Male) |
| 25:11 | Build | University |
| 25:14 | Create | Villager (Male) |
| 25:14 | Create | Villager (Male) |
| 25:25 | Create | Cavalry Archer |
| 25:25 | Create | Cavalry Archer |
Match timeline
| 5:44 | Atilichi8821 · first_building Barracks |
| 8:13 | Dwimmerlaik · first_building Barracks |
| 9:17 | Dwimmerlaik · age_up feudal |
| 9:21 | Dwimmerlaik · first_building Archery Range |
| 9:32 | Atilichi8821 · wall_segment Palisade Wall x4 |
| 9:34 | Atilichi8821 · age_up feudal |
| 9:42 | Dwimmerlaik · wall_segment Palisade Wall x2 |
| 10:05 | Atilichi8821 · first_building Stable |
| 11:46 | Atilichi8821 · wall_segment Palisade Wall x7 |
| 12:37 | Atilichi8821 · wall_segment Palisade Wall x8 |
| 14:23 | Atilichi8821 · wall_segment Palisade Wall x8 |
| 14:51 | Atilichi8821 · wall_segment Palisade Wall x6 |
| 15:29 | Dwimmerlaik · wall_segment Palisade Wall x10 |
| 15:32 | Dwimmerlaik · wall_segment Palisade Wall x4 |
| 15:54 | Atilichi8821 · wall_segment Palisade Wall x4 |
| 16:58 | Atilichi8821 · wall_segment Palisade Wall x1 |
| 17:55 | Dwimmerlaik · wall_segment Palisade Wall x21 |
| 17:59 | Dwimmerlaik · wall_segment Palisade Wall x25 |
| 18:29 | Atilichi8821 · wall_segment Palisade Wall x1 |
| 18:48 | Dwimmerlaik · wall_segment Palisade Wall x6 |
| 19:28 | Dwimmerlaik · wall_segment Palisade Wall x1 |
| 19:57 | Atilichi8821 · first_market_buy 100 food |
| 20:00 | Atilichi8821 · first_market_sell 100 wood |
| 20:28 | Dwimmerlaik · wall_segment Palisade Wall x1 |
| 21:28 | Atilichi8821 · first_building Archery Range |
| 22:47 | Atilichi8821 · age_up castle |
| 24:05 | Dwimmerlaik · age_up castle |
| 24:21 | Dwimmerlaik · first_building Siege Workshop |
| 24:56 | Dwimmerlaik · first_building Monastery |
| 29:16 | Atilichi8821 · first_building Krepost |
| 29:45 | Atilichi8821 · wall_segment Palisade Wall x1 |
| 30:17 | Atilichi8821 · wall_segment Palisade Wall x1 |
| 30:59 | Atilichi8821 · first_building Siege Workshop |
| 33:12 | Dwimmerlaik · first_building Castle |
| 35:42 | Dwimmerlaik · first_market_sell 100 food |
| 36:46 | Atilichi8821 · first_building Castle |
| 39:17 | Dwimmerlaik · age_up imperial |
| 39:22 | Dwimmerlaik · first_market_buy 100 wood |
| 40:46 | Atilichi8821 · age_up imperial |
| 46:02 | Dwimmerlaik · resign |
[ AI ANALYSIS · 1 CREDIT ]
What really happened in this match?
Wolo.gg analyzes every decision: build order, eco, micro, common mistakes by bracket. Personalized analysis on WhatsApp or Discord in 30 seconds.
Civ guide
Muisca
Map guide
Arabia
Perfil
Jugador #258353